AoeStats
← El oso rulo

Lombardia

507411808Analyzed
2v2 RM · 15d ago on Sep 18, 2026· 23m 33s· 4 players
Game mode
Random Map
Map size
Medium (4 player)
Population
200
Speed
Normal
Resources
Standard
Victory
Conquest
Starting age
Dark Age
Ending age
Imperial Age
RankedLock teamsTeams togetherTeam positionsShared explorationLock speedFull tech treeHidden civsTurbo modeCheats
Victory
Defeat
🇦🇷 Magyars · Argentina
1099
+13
🇦🇷 Franks · Argentina
1096
+13
🇻🇪 Italians · Venezuela
1051
-14
🇦🇷 Persians · Argentina
1000
-38
SwankySquire174
17:51 Loom
º CAIKE
5:06 Loom
11:54 Feudal Age
16:10 Forging
19:38 Scale Mail Armor
cfbarragan
6:47 Loom
9:23 Feudal Age
9:53 Double-Bit Axe
9:50 Horse Collar
19:51 Wheelbarrow
19:37 Bloodlines
19:34 Scale Barding Armor
25:04 Castle Age
El oso rulo
3:44 Loom
10:06 Feudal Age
10:48 Town Watch
11:04 Double-Bit Axe
11:09 Town Watch
12:05 Town Watch
12:14 Town Watch
12:41 Town Watch
14:58 Town Watch
15:02 Town Watch
16:19 Town Watch
21:24 Castle Age
20:09 Forging
20:01 Padded Archer Armor
21:37 Light Cavalry
22:18 Husbandry
24:45 Wheelbarrow
Connection lost

Rejoining the realm…

Still unreachable

The connection could not be restored.

Session expired

The server has moved on; the page needs a fresh start.